 Dungeon Crawl Stone Soup version 0.29.1-2-gbd0b4ee654 (webtiles) character file.

Game seed: 8824271747034708766

10699 llahlahkje the Basher (level 11, -9/95 (99) HPs)
             Began as a Hill Orc Fighter on Oct 27, 2022.
             Was a High Priest of Okawaru.
             Killed from afar by a ynoxinul (27 damage)
             ... with an iron shot
             ... summoned by an orc sorcerer
             ... on level 2 of the Orcish Mines on Oct 28, 2022.
             The game lasted 00:42:37 (7559 turns).

llahlahkje the Basher (Hill Orc Fighter)            Turns: 7559, Time: 00:42:38

HP:   -9/95 (99)    AC: 31    Str: 24      XL:     11   Next: 66%
MP:   11/11         EV:  6    Int:  5 (8)  God:    Okawaru [*****.]
Gold: 492           SH: 10    Dex: 10      Spells: 10/10 levels left

rFire   . . .      SeeInvis .   k - +5 flail (vorpal)
rCold   + . .      Faith    .   n - +0 kite shield of Spite {rC+ Regen+}
rNeg    . . .      Spirit   .   i - +2 plate armour {Will+}
rPois   .          Reflect  .   (no helmet)
rElec   .          Harm     .   y - +0 cloak
rCorr   .          Rampage  .   j - +2 pair of gloves
Will    +....      Rage     3%  o - +0 pair of boots {Stlth+}
Stlth   ..........              (no amulet)
HPRegen 1.05/turn               e - +4 ring of protection
MPRegen 0.12/turn               a - +4 ring of protection

@: lightly drained
A: talons 1, iridescent scales 1, berserk 1, devolution 1
a: Renounce Religion, Heroism, Finesse, Duel


You were on level 2 of the Orcish Mines.
You worshipped Okawaru.
Okawaru was extremely pleased with you.
You visited 2 branches of the dungeon, and saw 11 of its levels.

You collected 1329 gold pieces.
You spent 837 gold pieces at shops.

Inventory:

Hand Weapons
 k - a +5 vorpal flail (weapon)
Missiles
 b - 15 boomerangs (quivered)
 r - 3 atropa-tipped darts
 u - a silver javelin
Armour
 i - a +2 plate armour of willpower (worn)
 j - a +2 pair of gloves (worn)
 n - the +0 kite shield of Spite (worn) {rC+ Regen+}
   (Okawaru gifted it to you on level 8 of the Dungeon)

   rC:        It protects you from cold.
   Regen:     It increases your rate of health regeneration.
 o - a +0 pair of boots of stealth (worn)
 y - a +0 cloak (worn)
Jewellery
 a - a +4 ring of protection (right hand)
 e - a +4 ring of protection (left hand)
Wands
 f - a wand of polymorph (19)
 h - a wand of flame (38)
 p - a wand of quicksilver (5)
 B - a wand of digging (2)
Scrolls
 d - 7 scrolls of identify
 l - a scroll of summoning
 t - a scroll of teleportation
 v - 4 scrolls of amnesia
 x - a scroll of immolation
Potions
 g - a potion of cancellation
 w - a potion of flight


   Skills:
 + Level 10.0 Fighting
 - Level 6.3(11.2) Axes
 - Level 12.1(12.5) Maces & Flails
 * Level 8.1 Armour
 - Level 0.2 Dodging
 - Level 10.3 Shields
 + Level 0.7 Invocations


You had 10 spell levels left.
You didn't know any spells.
Your spell library contained the following spells:

 Spells                   Type           Power      Damage    Failure   Level
 Apportation              Tloc           0%         N/A       100%        1
 Necrotise                Necr           0%         1d4       100%        1
 Poisonous Vapours        Pois/Air       0%         N/A       100%        2
 Corpse Rot               Necr/Pois/Air  0%         N/A       100%        4
 Summon Small Mammal      Summ           Unusable   N/A       N/A         1
 Summon Forest            Summ/Tloc      Unusable   N/A       N/A         5
 Summon Mana Viper        Hex/Summ       Unusable   N/A       N/A         5
 Summon Cactus Giant      Summ           Unusable   N/A       N/A         6

Dungeon Overview and Level Annotations

Branches:
Dungeon (9/15)             Temple (0/1) D:5             Orc (2/2) D:9
    Elf (0/3) Orc:2
   Lair: D:8-11

Altars:
Ashenzari
Dithmenos
Kikubaaqudgha
Okawaru
Sif Muna
The Shining One
Beogh

Shops:
D:3 :![[   Orc:1 (


Innate Abilities, Weirdness & Mutations

You have sharp toenails.
You are partially covered in iridescent scales. (AC +2)
You sometimes lose your temper in combat.
You have hidden genetic defects.


Message History

The orc sorcerer points at you and mumbles some strange words.
The bolt of fire misses you. The orc sorcerer casts a spell at you.
You resist with almost no effort.
You closely miss something. The orc sorcerer casts a spell at you.
You resist with almost no effort. Something hits you but does no damage.
You block the neqoxec's attack.
The orc sorcerer gestures at you while chanting.
The bolt of fire hits you!
Things that are here:
a +0 dagger; a +0 robe; an orc corpse The orc sorcerer attacks as you move away!
You block the orc sorcerer's attack. You block the neqoxec's attack.
The orc sorcerer mumbles some strange words.
The orc sorcerer attacks as you move away!
The orc sorcerer hits you but does no damage.
The neqoxec attacks as you move away! The neqoxec closely misses you.
The neqoxec gestures at you.
You feel dopey. Something feeds on your intellect!
The orc sorcerer gestures wildly while chanting.
The ynoxinul gestures at you. The iron shot hits you!
The neqoxec gestures at you.
Strange energies course through your body.
You feel a hidden malignance growing inside you.
The orc sorcerer casts a spell.
The orc sorcerer points at you and mumbles some strange words.
The bolt of fire hits you. The ice devil hits you!
* * * LOW HITPOINT WARNING * * *
The ice devil freezes you! You resist.
* * * LOW HITPOINT WARNING * * *
The orc wizard casts a spell.
The orc wizard flickers and vanishes!
The hellwing swoops through the air toward you!
You block the hellwing's attack. x2
The ynoxinul gestures at you. The iron shot hits you!!
You die...

...... ≈≈...... # ≈≈#.....
#≈ ##≈§§............. #§§
#§≈≈§............. #≈§.
###≈##≈.##..# ......
#§...####≈≈≈##§4##..##......
#≈.§.§≈§≈3§≈3≈@.............
#≈...§)).ooo................
#≈§.8..)...34...............
#§.......{..................
#≈...)≈≈≈≈≈≈≈≈..............
#≈...####≈§≈##≈.##..##......
#§... ###≈##≈.##..# ......
#≈.. #≈≈§........ ..... #≈..
##≈§..............


You could see a hellwing (summoned), an ice devil (summoned), 2 neqoxecs, a
ynoxinul (summoned) and 3 orc sorcerers.

Vanquished Creatures
  A hydra (D:8)
  2 centaur warriors (D:8)
  A tengu warrior (D:8)
  A manticore (D:8)
  A cyclops (D:8)
  A tengu conjurer (D:8)
  2 trolls
  A hornet (D:8)
  A wyvern (D:9)
  2 wraiths
  5 yaks (D:8)
  A spriggan (shapeshifter) (D:8)
  Grum (D:8)
  Edmund (D:4)
  2 acid dragons
  3 water moccasins
  6 orc warriors
  2 ice beasts (D:6)
  2 black bears
  An ogre (Orc:2)
  4 wolves (D:8)
  A kobold brigand (D:9)
  5 bullfrogs
  2 gnoll sergeants
  A scorpion (D:6)
  3 necrophages (D:7)
  A wight (D:8)
  27 killer bees
  A howler monkey (D:8)
  A jelly (D:6)
  7 hounds
  7 orc priests
  3 gnoll boudas (D:8)
  10 orc wizards
  3 iguanas
  12 gnolls
  11 adders
  An ufetubus (D:4)
  3 worms
  2 dart slugs (D:3)
  61 orcs
  8 ball pythons
  4 bats
  7 endoplasms
  A giant cockroach (D:4)
  4 goblins
  5 hobgoblins
  2 jackals (D:2)
  27 kobolds
  5 quokkas
  5 frilled lizards
  2 rats (D:3)
273 creatures vanquished.

Vanquished Creatures (others)
  An orc (Orc:2)
  72 plants (D:9)
73 creatures vanquished.

Grand Total: 346 creatures vanquished

Notes
Turn   | Place    | Note
-------+----------+-------------------------------------------
     0 | D:1      | llahlahkje the Hill Orc Fighter began the quest for the
                  | Orb.
     0 | D:1      | Reached XP level 1. HP: 19/19 MP: 1/1
   343 | D:1      | Reached XP level 2. HP: 27/27 MP: 2/2
   841 | D:2      | Found a shimmering blue altar of Sif Muna.
  1004 | D:2      | Reached XP level 3. HP: 27/33 MP: 3/3
  1560 | D:2      | Identified a scroll of acquirement
  1560 | D:2      | Acquired 669 gold pieces
  1579 | D:2      | Reached XP level 4. HP: 22/40 MP: 4/4
  1722 | D:3      | Found Sauceby's Antique Armour Shop.
  1731 | D:3      | Bought a shiny plate armour for 650 gold pieces
  1748 | D:3      | Found Poiqon's Antique Armour Boutique.
  1768 | D:3      | Found Aroujamm's Distillery.
  1816 | D:3      | Found Qytuso's Book Emporium.
  1858 | D:3      | Reached skill level 5 in Armour
  1859 | D:3      | Reached XP level 5. HP: 46/47 MP: 5/5
  1892 | D:3      | Gained mutation: You have sharp toenails. [potion of
                  | mutation]
  1892 | D:3      | Gained mutation: You sometimes lose your temper in combat.
                  | [potion of mutation]
  1892 | D:3      | Gained mutation: You are partially covered in iridescent
                  | scales. (AC +2) [potion of mutation]
  2171 | D:3      | Found a faded altar of an unknown god.
  2179 | D:3      | Prayed at the altar of an unknown god.
  2179 | D:3      | Became a worshipper of Warmaster Okawaru
  2179 | D:3      | Reached * piety under Okawaru
  2187 | D:3      | Found a faded altar of an unknown god.
  2308 | D:4      | Reached XP level 6. HP: 51/55 MP: 6/6
  2408 | D:4      | Reached skill level 5 in Axes
  2471 | D:4      | Noticed Edmund
  2483 | D:4      | Killed Edmund
  2484 | D:4      | Reached skill level 5 in Fighting
  2785 | D:3      | Bought a pair of runed boots for 187 gold pieces
  3086 | D:5      | Entered Level 5 of the Dungeon
  3096 | D:5      | Reached ** piety under Okawaru
  3097 | D:5      | Reached XP level 7. HP: 61/61 MP: 7/7
  3133 | D:5      | Reached skill level 1 in Maces & Flails
  3176 | D:5      | Reached skill level 2 in Maces & Flails
  3361 | D:5      | Found a staircase to the Ecumenical Temple.
  3380 | D:5      | Found a shadowy altar of Dithmenos.
  3397 | D:5      | Found an ancient bone altar of Kikubaaqudgha.
  3398 | D:5      | Found a broken altar of Ashenzari.
  3407 | D:5      | Reached skill level 3 in Maces & Flails
  3538 | D:6      | Reached skill level 4 in Maces & Flails
  3538 | D:6      | Reached XP level 8. HP: 58/69 MP: 8/8
  3656 | D:6      | Reached skill level 5 in Maces & Flails
  3815 | D:6      | Noticed a troll
  3829 | D:6      | Killed a troll
  3829 | D:6      | Reached *** piety under Okawaru
  3830 | D:6      | Reached skill level 6 in Maces & Flails
  3843 | D:6      | Reached skill level 7 in Maces & Flails
  4670 | D:7      | Reached skill level 8 in Maces & Flails
  4826 | D:7      | Reached XP level 9. HP: 74/74 MP: 9/9
  4903 | D:7      | Found a glowing golden altar of the Shining One.
  4915 | D:7      | Reached skill level 5 in Shields
  5042 | D:8      | Reached **** piety under Okawaru
  5042 | D:8      | Received a gift from Okawaru
  5047 | D:8      | Reached skill level 9 in Maces & Flails
  5058 | D:8      | Noticed Grum
  5070 | D:8      | Killed Grum
  5088 | D:8      | Reached skill level 10 in Maces & Flails
  5154 | D:8      | Noticed a troll
  5167 | D:8      | Killed a troll
  5233 | D:8      | Reached XP level 10. HP: 80/84 MP: 10/10
  5420 | D:8      | Noticed a cyclops
  5428 | D:8      | Killed a cyclops
  5428 | D:8      | Reached ***** piety under Okawaru
  5458 | D:8      | Noticed a manticore
  5467 | D:8      | Noticed a tengu warrior
  5470 | D:8      | Identified the +0 kite shield of Spite {rC+ Regen+}
                  | (Okawaru gifted it to you on level 8 of the Dungeon)
  5470 | D:8      | Received a gift from Okawaru
  5471 | D:8      | Reached skill level 11 in Maces & Flails
  5516 | D:8      | Killed a tengu warrior
  5551 | D:8      | Killed a manticore
  5862 | D:8      | Noticed a centaur warrior
  5871 | D:8      | Killed a centaur warrior
  5872 | D:8      | Reached skill level 10 in Shields
  5872 | D:8      | Reached XP level 11. HP: 94/94 MP: 11/11
  5923 | D:8      | Noticed a four-headed hydra
  5932 | D:8      | Killed a four-headed hydra
  5933 | D:8      | Reached skill level 12 in Maces & Flails
  6080 | D:8      | Noticed a centaur warrior
  6099 | D:8      | Killed a centaur warrior
  6878 | D:9      | Found a roughly hewn altar of Beogh.
  6878 | D:9      | Found a staircase to the Orcish Mines.
  6994 | D:9      | Received a gift from Okawaru
  7368 | Orc:1    | Entered Level 1 of the Orcish Mines
  7395 | Orc:1    | Found Yclap's Weapon Emporium.
  7444 | Orc:1    | Reached skill level 10 in Fighting
  7503 | Orc:2    | Entered Level 2 of the Orcish Mines
  7506 | Orc:2    | Noticed an orc knight
  7510 | Orc:2    | Found a staircase to the Elven Halls.
  7540 | Orc:2    | Noticed an orc sorcerer
  7541 | Orc:2    | Noticed an orc sorcerer
  7542 | Orc:2    | Noticed an orc sorcerer
  7558 | Orc:2    | Gained mutation: You have hidden genetic defects. [a
                  | neqoxec]
  7559 | Orc:2    | Killed from afar by a ynoxinul

Illustrated notes

Levels and vault maps discovered:
D:1:      dpeg_arrival_windows_large_door, layout_loops_cross,
          dk_noncrumbling_4, minivault_26, nicolae_eternal_life, glass_columns_b
D:2:      layout_basic, basic_altar, chequers_mini_garden,
          kennysheep_big_empty_room, nicolae_figureground_sparkle
D:3:      layout_rooms, serial_shops, shop_fountains, shop_statue,
          nicolae_square_shop, shop,
          hellmonk_ecumenical_altar_the_god_not_taken, nicolae_titane
D:4:      layout_loops_ring, uniq_edmund
D:5:      layout_rooms, grunt_temple_overflow_open,
          minmay_temple_entry_stoned_glass
D:6:      layout_rooms, kennysheep_generic_room_7
D:7:      layout_basic, mainiacjoe_overflow_catwalk, minmay_liquid_box
D:8:      minmay_the_grid_four_pointed_star
          [minmay_the_grid_triangle_9x9_windchime,
          minmay_the_grid_triangle_9x9_warning,
          minmay_the_grid_triangle_9x9_skeleton,
          minmay_the_grid_triangle_9x9_zippers_vertical,
          minmay_the_grid_prize_four_corners], layout_basic, uniq_grum
D:9:      kennysheep_kobold_camp, layout_loops_ring, david_orc_5
Orc:1:    layout_diamond_mine, serial_shops, shop,
          nicolae_shop_overgrown_old_shop, nicolae_shop_bloodbath_and_beyond,
          shop, shop
Orc:2:    kennysheep_orc_mage_school, layout_caves, basic_altar,
          nicolae_orc_sculptors_studio, mines1_david

Skill      XL: |  1  2  3  4  5  6  7  8  9 10 11 |
---------------+----------------------------------+-----
Armour         | 4 5 6 8 |  8.1
Axes           | 3 4 6 |  6.3
Fighting       | 4 5 6 8 10 | 10.0
Maces & Flails | 4 8 10 11 12 | 12.1
Shields        | 4 7 10 | 10.3
Dodging        | |  0.2
Invocations    | |  0.7

Action                   |  1- 3 |  4- 6 |  7- 9 | 10-12 || total
-------------------------+-------+-------+-------+-------++-------
Melee: War axe           |    85 |   117 |       |       ||   202
       Kick              |       |     9 |       |       ||     9
       Flail             |       |    33 |   249 |   438 ||   720
Throw: Boomerang         |       |       |     1 |       ||     1
Invok: Heroism           |       |       |       |     2 ||     2
  Use: Scroll            |     7 |     5 |     9 |     7 ||    28
       Potion            |       |     3 |     2 |     6 ||    11
 Stab: Invisible         |       |       |       |     1 ||     1
Armor: Scale mail        |    15 |       |       |       ||    15
       Chain mail        |    54 |     4 |       |       ||    58
       Plate armour      |       |    97 |   228 |   396 ||   721
Dodge: Dodged            |    31 |    38 |    50 |   114 ||   233
Block: Buckler           |    18 |    23 |     8 |       ||    49
       Kite shield       |       |       |   107 |   313 ||   420
